 Dungeon Crawl Stone Soup version 0.17.1-3-g152610e (webtiles) character file.

88 F1L1N the Ruffian (level 4, -1/40 HPs)
             Began as a Draconian Berserker on Feb 17, 2016.
             Was a Priest of Trog.
             Slain by a giant frog skeleton (2 damage)
             ... on level 4 of the Dungeon.
             The game lasted 00:10:39 (2028 turns).

F1L1N the Ruffian (Draconian Berserker)             Turns: 2028, Time: 00:10:39

Health: -1/40      AC:  7    Str: 20      XL:     4   Next: 30%
Magic:  4/4        EV: 12    Int: 12      God:    Trog [***...]
Gold:   100        SH:  0    Dex:  8 (11) Spells: 0 memorised, 3 levels left

rFire  . . .     SeeInvis .       - Unarmed
rCold  . . .     Clarity  .     (armour unavailable)
rNeg   . . .     SustAt   .     (no shield)
rPois  .         Gourm    .     (helmet restricted)
rElec  .         Spirit   .     (no cloak)
rCorr  .         Warding  .     l - +1 pair of gloves
rMut   .         Stasis   .     (no boots)
MR     .....                    c - amulet of faith
Stlth  +.........               (no ring)
                                (no ring)

@: brilliant, very slightly contaminated, invisible, not resistant to hostile
enchantments, very unstealthy
A: unfitting armour, cold-blooded, AC +5
a: Berserk, Trog's Hand, Burn Spellbooks, Renounce Religion


You were on level 4 of the Dungeon.
You worshipped Trog.
Trog was most pleased with you.
You were hungry.

You visited 1 branch of the dungeon, and saw 4 of its levels.

You collected 100 gold pieces.

Inventory:

Armour
 l - a +1 pair of gloves (worn)
Jewellery
 c - an amulet of faith (around neck)
Wands
 p - a wand of digging (15)
Scrolls
 b - 2 scrolls of enchant weapon {unknown}
 e - a scroll of remove curse {unknown}
 j - a scroll of fear {unknown}
 m - a scroll of identify {unknown}
Potions
 d - 3 potions of degeneration
 h - a potion of might {unknown}
 i - a potion of cancellation {unknown}
 k - a potion of heal wounds {unknown}
 o - a potion of haste {unknown}
 r - a potion of ambrosia {unknown}
Comestibles
 a - a bread ration
 n - 4 chunks of flesh


   Skills:
 + Level 3.7 Fighting
 + Level 3.6 Dodging
 + Level 0.4 Stealth
 + Level 3.9 Unarmed Combat


You had 3 spell levels left.
You didn't know any spells.

Dungeon Overview and Level Annotations

Branches:
Dungeon (4/15)
 Temple: D:4-7

Altars:

Annotations:
D:3 Sigmund


Innate Abilities, Weirdness & Mutations

Your plain brown scales are hard (AC +5).
Your body does not fit into most forms of armour.
You are cold-blooded and may be slowed by cold attacks.


Message History

You see here 16 gold pieces.
The hound bites you but does no damage. The hound misses you.
The hound bites you.
* * * LOW HITPOINT WARNING * * *
Drink which item? (? for menu, Esc to quit)
It was a potion of degeneration.
There was something very wrong with that liquid.
You feel clumsy. The hound barely misses you.
The giant frog skeleton closely misses you.
Drink which item? (? for menu, Esc to quit)
It was a potion of brilliance.
You feel clever all of a sudden. The hound barely misses you.
The giant frog skeleton misses you. The hound barely misses you.
Drink which item? (? for menu, Esc to quit)
It was a potion of magic.
Magic courses through your body. The giant frog skeleton hits you.
You die...

.. #............
...###.$..........
....%#............
#......<.......
###............
#........#...
#$.......# #
#...hZ...###
#####@.....#
######... ##


You could see a hound and a giant frog skeleton.

Vanquished Creatures
  Jessica (D:2)
  An adder (D:2)
  2 giant geckos
  3 ball pythons
  2 giant cockroaches
  5 hobgoblins
  A quokka (D:2)
  9 bats
  4 giant newts
  7 goblins
  6 jackals
  6 kobolds
  9 rats
56 creatures vanquished.

Notes
Turn   | Place    | Note
--------------------------------------------------------------
     0 | D:1      | F1L1N the Draconian Berserker began the quest for the Orb.
     0 | D:1      | Reached XP level 1. HP: 19/19 MP: 1/1
   364 | D:1      | Reached XP level 2. HP: 15/26 MP: 2/2
   481 | D:1      | Reached ** piety under Trog
  1240 | D:2      | Reached XP level 3. HP: 28/31 MP: 3/3
  1282 | D:2      | Noticed Jessica
  1293 | D:2      | Killed Jessica
  1481 | D:2      | Reached *** piety under Trog
  1481 | D:2      | Reached XP level 4. HP: 40/40 MP: 4/4
  1812 | D:3      | Noticed Sigmund
  2013 | D:3      | HP: 2/40 [something (1)]
  2025 | D:4      | HP: 1/40 [hound (3)]
  2028 | D:4      | Slain by a giant frog skeleton

Action                   |  1- 3 |  4- 6 || total
-------------------------+-------+-------++-------
Melee: Unarmed           |   132 |    47 ||   179
  Use: Potion            |       |     4 ||     4
  Eat: Chunk             |     2 |     1 ||     3
